[Event "ICC tourney 1953 (60 10)"]
[Site "Internet Chess Club"]
[Date "2020.08.09"]
[Round "9"]
[White "slugger"]
[Black "binomialfactor"]
[Result "1/2-1/2"]
[ICCResult "Game drawn by mutual agreement"]
[WhiteElo "2355"]
[BlackElo "2210"]
[Opening "Sicilian: Pelikan, Chelyabinsk variation"]
[ECO "B33"]
[NIC "SI.37"]
[Time "18:35:39"]
[TimeControl "3600+10"]

1. e4 c5 2. Nf3 Nc6 3. d4 cxd4 4. Nxd4 Nf6 5. Nc3 e5 6. Ndb5 d6 7. Bg5 a6 8.
Na3 b5 9. Nd5 Be7 10. Bxf6 Bxf6 11. c3 O-O 12. Nc2 Rb8 13. Be2 Bg5 14. O-O
Ne7 15. Ncb4 Bb7 16. Qd3 Nxd5 17. Nxd5 Bxd5 18. Qxd5 Qc7 19. Rfd1 Rfd8 20.
Rd3 Qc4 21. b3 Qc5 22. g3 Be7 23. h4 Rbc8 24. Qxc5 dxc5 25. a4 Rxd3 26. Bxd3
Rb8 27. axb5 axb5 28. Ra5 Bd8 29. Rxb5 Rxb5 30. Bxb5 Ba5 31. c4 f6 32. Bc6
Kf7 33. Bd5+ Kg6 34. Kg2 Bb4 35. Kh3 Be1 36. Kg2 Bb4 37. Be6 h5 38. Kf3 Kh6
39. Ke2 g5 40. Bf7 Ba3 41. hxg5+ Kxg5 42. Ke3 Bc1+ 43. Kf3 Ba3 44. Kg2 h4
45. f4+ exf4 46. gxh4+ Kxh4 47. Kf3 Kg5 48. Be6 Bb4 49. Bh3 Ba3 50. Bg2 Bb4
{Game drawn by mutual agreement}
1/2-1/2

[Event "ICC tourney 1953 (60 10)"]
[Site "Internet Chess Club"]
[Date "2020.08.09"]
[Round "9"]
[White "Giantsmaster"]
[Black "Xuanli28"]
[Result "1-0"]
[ICCResult "Black resigns"]
[WhiteElo "2114"]
[BlackElo "2092"]
[Opening "English opening"]
[ECO "A16"]
[NIC "EO.64"]
[Time "18:35:53"]
[TimeControl "3600+10"]

1. c4 Nf6 2. Nc3 g6 3. g3 Bg7 4. Bg2 d6 5. e4 O-O 6. Nge2 e5 7. O-O c5 8. d3
Nc6 9. f4 exf4 10. gxf4 Bg4 11. h3 Bxe2 12. Qxe2 Nd4 13. Qf2 Nh5 14. f5 Be5
15. Be3 Bg3 16. Qd2 Qh4 17. Bg5 Bh2+ 18. Kxh2 Qg3+ 19. Kg1 Kh8 20. Bf4 Nxf4
21. Qxf4 Qxd3 22. Rad1 Qxc3 23. bxc3 Ne2+ 24. Kh2 Nxf4 25. Rxf4 Rad8 26. Rd5
f6 27. Rf2 gxf5 28. Rdxf5 Kg7 29. Rd5 Rfe8 30. Rfd2 Re6 31. Rxc5 dxc5 32.
Rxd8 Ra6 33. Rd2 Kf7 34. Kg3 Ke7 35. Kf4 Ra3 36. Rc2 Ra4 37. Bf1 Ra6 38. Rb2
b6 39. e5 Ra3 40. Rc2 Ke6 41. exf6 Kxf6 42. Ke3 Kg5 43. Bg2 Ra4 44. Bd5 Kh4
45. Be6 Kg3 46. Kd3 Kf3 47. Bd7 Ra3 48. Bc6+ Kf4 49. Be4 h6 50. Rg2 Ra4 51.
Bd5 Ra3 52. Rc2 Kf5 53. Bc6 Kf4 54. Kd2 Kg5 55. Kc1 Kh4 56. Kb2 Ra5 57. Bd7
Kg3 58. a4 h5 59. Re2 h4 60. Re3+ Kh2 61. Re7 Kg3 62. Rg7+ Kh2 63. Rg6 Ra6
64. Rh6 Kg3 65. Rg6+ Kh2 66. Kc2 Ra5 67. Kd3 Ra6 68. Ke2 {Black resigns} 1-0

[Event "ICC tourney 1953 (60 10)"]
[Site "Internet Chess Club"]
[Date "2020.08.09"]
[Round "9"]
[White "lmperatorX"]
[Black "nithin"]
[Result "0-1"]
[ICCResult "White resigns"]
[WhiteElo "2110"]
[BlackElo "2288"]
[Opening "Sicilian: Najdorf, Zagreb (fianchetto) variation"]
[ECO "B91"]
[NIC "SI.14"]
[Time "18:35:39"]
[TimeControl "3600+10"]

1. e4 c5 2. Nf3 d6 3. d4 cxd4 4. Nxd4 Nf6 5. Nc3 a6 6. g3 e5 7. Nde2 Be7 8.
Bg2 O-O 9. O-O b5 10. h3 Bb7 11. g4 Nbd7 12. Ng3 g6 13. Bh6 Re8 14. Qd2 Nc5
15. b3 Ne6 16. Nd5 Nxd5 17. exd5 Nf4 18. Bxf4 exf4 19. Qxf4 Bg5 20. Qf3 Rc8
21. Qd3 Bf4 22. Ne4 Be5 23. Rab1 b4 24. f4 Bg7 25. Kh1 Qb6 26. f5 Be5 27.
Qd2 Bg7 28. f6 Bf8 29. Rbd1 Re5 30. Nf2 a5 31. Nd3 Ree8 32. g5 Qe3 33. Qxe3
Rxe3 34. Rfe1 Rg3 35. h4 Rxc2 {White resigns} 0-1

[Event "ICC tourney 1953 (60 10)"]
[Site "Internet Chess Club"]
[Date "2020.08.09"]
[Round "9"]
[White "penguinwizard"]
[Black "esrosenberg"]
[Result "0-1"]
[ICCResult "White resigns"]
[WhiteElo "2085"]
[BlackElo "2248"]
[Opening "QGD: Ragozin variation"]
[ECO "D38"]
[NIC "NI.27"]
[Time "18:35:57"]
[TimeControl "3600+10"]

1. d4 Nf6 2. c4 e6 3. Nf3 d5 4. Nc3 Bb4 5. cxd5 exd5 6. Bg5 O-O 7. e3 h6 8.
Bxf6 Qxf6 9. Qb3 c5 10. Qxd5 Nc6 11. a3 cxd4 12. axb4 dxc3 13. Qb3 cxb2 14.
Rb1 a5 15. b5 Bf5 16. Rxb2 Nb4 17. Nd4 Rac8 18. Bc4 Rxc4 19. Qxc4 Nd3+ 20.
Ke2 Nxb2 21. Qb3 Rc8 22. Qxb2 Rc2+ 23. Qxc2 Bxc2 24. Nxc2 Qb2 25. Kd2 Qxb5
26. f3 a4 27. Ra1 Qa5+ 28. Ke2 Qc3 29. Kd1 b5 30. Ra3 Qc4 31. Kd2 b4 32.
Rxa4 Qc3+ 33. Kd1 b3 34. Na3 Qa1+ 35. Kd2 b2 36. Ra8+ Kh7 37. Rb8 Qxa3 38.
Kc2 Qc5+ 39. Kxb2 Qe5+ 40. Kc2 Qxb8 41. Kd2 Qb2+ 42. Kd3 Qxg2 43. Ke4 Kg6
44. Kf4 Qxh2+ {White resigns} 0-1

[Event "ICC tourney 1953 (60 10)"]
[Site "Internet Chess Club"]
[Date "2020.08.09"]
[Round "9"]
[White "RajeshCS"]
[Black "rychessmaster1"]
[Result "1/2-1/2"]
[ICCResult "Game drawn by mutual agreement"]
[WhiteElo "2304"]
[BlackElo "2139"]
[Opening "English: symmetrical variation"]
[ECO "A37"]
[NIC "EO.28"]
[Time "18:35:46"]
[TimeControl "3600+10"]

1. c4 c5 2. Nc3 Nc6 3. g3 g6 4. Bg2 Bg7 5. Nf3 d6 6. O-O Nh6 7. a3 Nf5 8.
Rb1 a5 9. d3 O-O 10. Bd2 Bd7 11. b3 Rb8 12. Nb5 Nfd4 13. Nbxd4 Nxd4 14. b4
axb4 15. axb4 b6 16. Nxd4 Bxd4 17. Qc2 Qc7 18. b5 Bc8 19. e3 Bf6 20. Bc3
Bxc3 21. Qxc3 Bb7 22. e4 Ra8 23. f4 Ra2 24. f5 Rfa8 25. fxg6 hxg6 26. Rf3
R8a3 27. Qc1 Bc8 28. Qf4 e5 29. Qg5 Ra1 30. Rxa1 Rxa1+ 31. Rf1 Rxf1+ 32.
Bxf1 Kg7 33. Qh4 Qd7 34. Be2 f6 35. g4 g5 {Game drawn by mutual agreement}
1/2-1/2

[Event "ICC tourney 1953 (60 10)"]
[Site "Internet Chess Club"]
[Date "2020.08.09"]
[Round "9"]
[White "musk6868"]
[Black "GolddenPig"]
[Result "1-0"]
[ICCResult "Black resigns"]
[WhiteElo "2032"]
[BlackElo "1817"]
[Opening "Ruy Lopez: Morphy defense"]
[ECO "C77"]
[NIC "RL.12"]
[Time "18:35:42"]
[TimeControl "3600+10"]

1. e4 e5 2. Nf3 Nc6 3. Bb5 a6 4. Ba4 Nf6 5. d4 exd4 6. O-O b5 7. Bb3 Be7 8.
Re1 d6 9. Bd5 Nxd5 10. exd5 Nb8 11. Nxd4 O-O 12. Nc3 Re8 13. Ne4 Qd7 14. Bf4
Bb7 15. Qh5 Bc8 16. Bg5 h6 17. Bxe7 Rxe7 18. Qf3 Re5 19. h3 c6 20. dxc6 Qc7
21. Rad1 d5 22. Nc3 Nxc6 23. Nxc6 Rxe1+ 24. Rxe1 Qxc6 25. Nxd5 Qxc2 26. Ne7+
Kh7 27. Qxa8 {Black resigns} 1-0

[Event "ICC tourney 1953 (60 10)"]
[Site "Internet Chess Club"]
[Date "2020.08.09"]
[Round "9"]
[White "YKQ"]
[Black "JasonModer"]
[Result "1-0"]
[ICCResult "Black resigns"]
[WhiteElo "2555"]
[BlackElo "2411"]
[Opening "English: three knights system"]
[ECO "A27"]
[NIC "EO.21"]
[Time "18:38:08"]
[TimeControl "3600+10"]

1. c4 e5 2. Nc3 Nc6 3. Nf3 Bb4 4. Qc2 a5 5. e3 d6 6. Be2 Nge7 7. O-O O-O 8.
b3 Bf5 9. d3 h6 10. Bb2 Bc5 11. a3 Qd7 12. Qd1 Ba7 13. Nb5 Bb8 14. e4 Bh7
15. d4 exd4 16. Nfxd4 Bxe4 17. Bg4 Qd8 18. Re1 Bh7 19. Qf3 Nxd4 20. Nxd4 c6
21. Qc3 d5 22. Nxc6 d4 23. Qxd4 {Black resigns} 1-0

[Event "ICC tourney 1953 (60 10)"]
[Site "Internet Chess Club"]
[Date "2020.08.09"]
[Round "9"]
[White "tedchen"]
[Black "Enamul"]
[Result "1/2-1/2"]
[ICCResult "Game drawn by mutual agreement"]
[WhiteElo "2296"]
[BlackElo "2458"]
[Opening "QGD: Cambridge Springs defense"]
[ECO "D52"]
[NIC "QO.15"]
[Time "18:35:49"]
[TimeControl "3600+10"]

1. d4 Nf6 2. c4 e6 3. Nf3 d5 4. Nc3 c6 5. Bg5 Nbd7 6. e3 Qa5 7. Bd3 Ne4 8.
Bxe4 dxe4 9. Ne5 Bd6 10. O-O Nxe5 11. dxe5 Bxe5 12. Nxe4 O-O 13. Be7 Re8 14.
b4 Qc7 15. Bd6 Bxd6 16. Nxd6 Rd8 17. c5 a5 18. a3 e5 19. f4 exf4 20. exf4
Be6 21. f5 Bd5 22. f6 Rxd6 23. cxd6 Qxd6 24. Qg4 g6 25. Qd4 h5 26. Rad1 axb4
27. axb4 Ra4 28. Rb1 Kh7 29. Rb2 b5 30. Re1 Qd7 31. Qc5 Qa7 32. Qxa7 Rxa7
33. Kf2 g5 34. Ke3 Kg6 35. Kd4 Kxf6 36. g3 Ra3 37. Rf1+ Kg6 38. Rbf2 Rb3 39.
Kc5 Rc3+ 40. Kd6 Rc4 41. Rf6+ Kg7 42. R6f5 Kg6 43. Rf6+ Kg7 44. R6f5 Rg4 45.
Ke7 h4 {Game drawn by mutual agreement} 1/2-1/2

[Event "ICC tourney 1953 (60 10)"]
[Site "Internet Chess Club"]
[Date "2020.08.09"]
[Round "9"]
[White "jasonm04"]
[Black "KRIPRI"]
[Result "1/2-1/2"]
[ICCResult "Game drawn by mutual agreement"]
[WhiteElo "2271"]
[BlackElo "2199"]
[Opening "QGD Slav: 4.Nc3"]
[ECO "D15"]
[NIC "SL.03"]
[Time "18:35:47"]
[TimeControl "3600+10"]

1. d4 d5 2. c4 c6 3. Nf3 Nf6 4. Nc3 a6 5. c5 Nbd7 6. Bf4 Nh5 7. Bg3 Nxg3 8.
hxg3 e5 9. e3 e4 10. Nd2 g6 11. Be2 Bg7 12. b4 O-O 13. Qc2 f5 14. a4 g5 15.
O-O-O b6 16. Nb3 a5 17. b5 Bb7 18. g4 Qf6 19. bxc6 Bxc6 20. Bb5 Bxb5 21.
Nxb5 Qc6 22. gxf5 Rxf5 23. f3 bxc5 24. dxc5 Rff8 25. fxe4 dxe4 26. Rd6 Qc8
27. Qxe4 Nf6 28. Qc4+ Kh8 29. c6 Qf5 30. c7 Ne4 31. Rc6 Nf2 32. Nd6 Qe5 33.
Nf7+ Rxf7 34. c8=Q+ Rxc8 35. Rxc8+ Rf8 36. Rxf8+ Bxf8 37. Rxh7+ Kxh7 38.
Qf7+ {Game drawn by mutual agreement} 1/2-1/2

[Event "ICC tourney 1953 (60 10)"]
[Site "Internet Chess Club"]
[Date "2020.08.09"]
[Round "9"]
[White "hydroblade"]
[Black "espark"]
[Result "1/2-1/2"]
[ICCResult "Game drawn by mutual agreement"]
[WhiteElo "2101"]
[BlackElo "2296"]
[Opening "Queen's Indian accelerated"]
[ECO "A50"]
[NIC "QP.07"]
[Time "18:35:48"]
[TimeControl "3600+10"]

1. d4 Nf6 2. c4 b6 3. Nf3 Bb7 4. g3 Bxf3 5. exf3 e6 6. Bg2 g6 7. O-O Bg7 8.
Nc3 c6 9. d5 O-O 10. Be3 cxd5 11. cxd5 Na6 12. f4 Rb8 13. Qe2 Nb4 14. Rfd1
Qe7 15. d6 Qd8 16. Rac1 Rc8 17. a3 Nbd5 18. Nxd5 Nxd5 19. Bxd5 exd5 20. Rxd5
Rxc1+ 21. Bxc1 Qc8 22. Rd1 Re8 23. Be3 Qc6 24. Qd2 Bf8 25. f5 gxf5 26. Bf4
Qf3 27. Re1 Re4 28. Rxe4 fxe4 29. Qd5 h6 30. h3 Bg7 31. Qa8+ Kh7 32. Qe8
Qd1+ 33. Kh2 Qf3 34. Be3 Qf5 35. b4 {Game drawn by mutual agreement} 1/2-1/2

[Event "ICC tourney 1953 (60 10)"]
[Site "Internet Chess Club"]
[Date "2020.08.09"]
[Round "9"]
[White "PrudentPatzer"]
[Black "bpovo1394"]
[Result "1-0"]
[ICCResult "Black resigns"]
[WhiteElo "2138"]
[BlackElo "2102"]
[Opening "QGD Slav: 4.e3 Bf5"]
[ECO "D12"]
[NIC "SL.01"]
[Time "18:35:57"]
[TimeControl "3600+10"]

1. d4 d5 2. c4 c6 3. Nf3 Nf6 4. e3 Bf5 5. Nc3 e6 6. Nh4 Be4 7. f3 Bg6 8. Qb3
Qb6 9. Nxg6 hxg6 10. Bd2 Be7 11. O-O-O Nbd7 12. Kb1 Qc7 13. Be2 dxc4 14.
Bxc4 b5 15. Be2 Rxh2 16. e4 Nb6 17. d5 cxd5 18. Nxb5 Qb8 19. Qc2 Bd6 20. f4
Rxh1 21. Rxh1 Ke7 22. Nxd6 {Black resigns} 1-0

[Event "ICC tourney 1953 (60 10)"]
[Site "Internet Chess Club"]
[Date "2020.08.09"]
[Round "9"]
[White "dabbindino"]
[Black "shianen"]
[Result "1-0"]
[ICCResult "Black resigns"]
[WhiteElo "2324"]
[BlackElo "2196"]
[Opening "Queen's pawn game, Darooha variation "]
[ECO "D02"]
[NIC "QP.08"]
[Time "18:35:49"]
[TimeControl "3600+10"]

1. d4 d5 2. Nf3 Nf6 3. g3 c5 4. Bg2 Nc6 5. O-O Bf5 6. dxc5 e6 7. Nd4 Nxd4 8.
Qxd4 Rc8 9. b4 Bxc2 10. Na3 Bf5 11. Bf4 Nh5 12. Nb5 Nxf4 13. Qxf4 a6 14. Nd4
Bg6 15. e4 dxe4 16. Rad1 Qc7 17. Qe3 Be7 18. Bxe4 Bxe4 19. Qxe4 Rd8 20. c6
bxc6 21. Qxc6+ Qxc6 22. Nxc6 Rc8 23. Rc1 Bd6 24. a4 Kd7 25. b5 axb5 26. axb5
Rc7 27. Rfd1 Rb7 28. Na5 Rxb5 29. Nc4 Rc8 30. Rxd6+ Ke7 31. Rd2 Rd5 32. Rxd5
exd5 33. Re1+ Kf6 34. Ne3 Rd8 35. Kf1 h5 36. Ke2 d4 37. Ng2 Re8+ 38. Kd3
Rxe1 39. Nxe1 Kf5 40. Kxd4 Kg4 41. h4 f5 42. Nd3 Kf3 43. Ke5 Ke2 44. Nf4+
Kxf2 45. Kxf5 Kxg3 46. Kg5 g6 47. Nxg6 Kh3 48. Kxh5 {Black resigns} 1-0

[Event "ICC tourney 1953 (60 10)"]
[Site "Internet Chess Club"]
[Date "2020.08.09"]
[Round "9"]
[White "TjkTiger"]
[Black "VerdeNotte"]
[Result "0-1"]
[ICCResult "White resigns"]
[WhiteElo "2574"]
[BlackElo "2760"]
[Opening "English: symmetrical variation"]
[ECO "A37"]
[NIC "EO.28"]
[Time "18:35:55"]
[TimeControl "3600+10"]

1. c4 g6 2. Nc3 c5 3. g3 Bg7 4. Bg2 Nc6 5. Nf3 d6 6. O-O e6 7. e3 Nge7 8. d4
O-O 9. Rb1 b6 10. b3 h6 11. Bb2 e5 12. dxe5 dxe5 13. Qe2 Bf5 14. Rbd1 Qc8
15. Nd2 Bh3 16. Nde4 Bxg2 17. Kxg2 f5 18. Nd6 Qe6 19. Ndb5 Rad8 20. Nd5 Qf7
21. e4 Nd4 22. Bxd4 exd4 23. Nf4 g5 24. Nd3 Nc6 25. exf5 a6 26. Na3 Qxf5 27.
Rfe1 Rde8 28. Qd2 Rxe1 29. Rxe1 Ne5 30. Nxe5 Bxe5 31. Qe2 d3 32. Qxe5 d2 33.
Qxf5 dxe1=N+ 34. Kf1 Rxf5 35. Kxe1 g4 36. Nc2 Rh5 37. Ne3 Rxh2 38. Nxg4 Rh1+
39. Kd2 Kg7 40. Ne3 Kf6 41. Kd3 Ke6 42. a4 Kd6 43. Ke4 h5 44. f4 Re1 45. f5
Rb1 46. Nd5 Rxb3 47. f6 Ke6 48. Kf4 b5 49. axb5 axb5 50. Nc7+ Kxf6 51. Nxb5
Rb4 52. Nd6 Ke6 53. Ne4 Rxc4 54. Ke3 Ke5 {White resigns} 0-1

[Event "ICC tourney 1953 (60 10)"]
[Site "Internet Chess Club"]
[Date "2020.08.09"]
[Round "9"]
[White "tactics321"]
[Black "Oligarkh"]
[Result "0-1"]
[ICCResult "White resigns"]
[WhiteElo "2561"]
[BlackElo "2676"]
[Opening "QGD Slav: 4.e3 Bf5"]
[ECO "D12"]
[NIC "QP.07"]
[Time "18:35:46"]
[TimeControl "3600+10"]

1. d4 Nf6 2. c4 c6 3. Nf3 d5 4. e3 Bf5 5. Nc3 e6 6. Nh4 Bg6 7. Nxg6 hxg6 8.
Qb3 Qc7 9. g3 Nbd7 10. Bg2 Rd8 11. O-O Be7 12. Bd2 Nb6 13. cxd5 exd5 14.
Rfc1 Qd7 15. Be1 g5 16. a4 Kf8 17. a5 Nc8 18. a6 b6 19. e4 dxe4 20. Nxe4
Nxe4 21. Bxe4 Rh6 22. Qf3 g4 23. Bxc6 Qxd4 24. Qe4 Qxe4 25. Bxe4 Nd6 26. Bg2
Nb5 27. Rc4 f5 28. Rac1 Re6 29. Kf1 Kf7 30. Rc8 Red6 31. Rxd8 Rxd8 32. h3
gxh3 33. Bxh3 g6 34. Bg2 Bf6 35. b4 Ke7 36. f4 Rd3 37. Rc8 Rd1 38. Bc6 Nd4
39. Bb7 Ra1 40. Kf2 Ra2+ 41. Kf1 Ra1 42. Kf2 g5 43. Bc3 Ra2+ 44. Ke3 gxf4+
45. gxf4 Ra3 46. Kd2 b5 47. Rc7+ Kd6 48. Rc8 Nb3+ 49. Kc2 Bxc3 50. Kxc3 Nc5+
51. Kd2 Ne6 52. Ra8 Nxf4 53. Rxa7 Nd3 54. Bc8 Nxb4 55. Bxf5 Kc5 56. Ra8 Nc6
57. Be4 Ne5 58. Bb7 Nc4+ 59. Kc2 b4 60. Rc8+ Kb5 61. Rb8 Nb6 62. Kb2 Kc5 63.
Rh8 Nc4+ 64. Kb1 b3 65. Rh4 Nd2+ 66. Kc1 Ra2 67. Rh5+ Kb6 68. Rh6+ Ka7 69.
Be4 Nxe4 {White resigns} 0-1

[Event "ICC tourney 1953 (60 10)"]
[Site "Internet Chess Club"]
[Date "2020.08.09"]
[Round "9"]
[White "StayCalm"]
[Black "pyaru536"]
[Result "1-0"]
[ICCResult "Black checkmated"]
[WhiteElo "2224"]
[BlackElo "2123"]
[Opening "QGD: exchange, positional line, 5...c6"]
[ECO "D35"]
[NIC "QO.16"]
[Time "18:36:01"]
[TimeControl "3600+10"]

1. d4 d5 2. c4 e6 3. Nc3 Nf6 4. cxd5 exd5 5. Bg5 c6 6. e3 Be7 7. Bd3 Nbd7 8.
Qc2 Nf8 9. Nge2 Ne6 10. Bh4 g6 11. O-O O-O 12. f3 b6 13. Rad1 Bb7 14. Qd2
Rc8 15. Bb1 Nh5 16. Bxe7 Qxe7 17. e4 Rfd8 18. e5 c5 19. f4 f5 20. exf6 Nxf6
21. f5 Nxd4 22. Qg5 Nxe2+ 23. Nxe2 Rf8 24. fxg6 Qxe2 25. h4 Qg4 26. Bf5 Qxg5
27. hxg5 Rce8 28. gxf6 hxg6 29. Bxg6 Re6 30. f7+ Kg7 31. Bh5 d4 32. Rf5 Kh6
33. Bg4 Rg6 34. Bf3 Bc8 35. Rf4 Kg5 36. g3 Rf6 37. Bd5 Be6 38. Bxe6 Rxe6 39.
Rd2 Re7 40. Rdf2 Rd7 41. Kf1 Rd5 42. Ke2 Re5+ 43. Kd2 Re3 44. b4 Re5 45.
bxc5 bxc5 46. Kd3 Re3+ 47. Kc2 Kg6 48. Rg4+ Kh5 49. Rg8 d3+ 50. Kd2 Re2+ 51.
Rxe2 dxe2 52. Rxf8 Kg6 53. Kxe2 Kg7 54. Ra8 Kxf7 55. Rxa7+ Ke6 56. Kd3 Kd5
57. Kc3 c4 58. g4 Ke4 59. g5 Kf5 60. Kxc4 Kg6 61. Rb7 Kxg5 62. Rb1 Kf5 63.
a4 Ke6 64. a5 Kd6 65. a6 Ke5 66. a7 Kf4 67. a8=Q Ke3 68. Qf8 Ke2 69. Rb2+
Ke3 70. Qf2+ Ke4 71. Re2# {Black checkmated} 1-0

[Event "ICC tourney 1953 (60 10)"]
[Site "Internet Chess Club"]
[Date "2020.08.09"]
[Round "9"]
[White "goodFriday"]
[Black "fredericton"]
[Result "1-0"]
[ICCResult "Black checkmated"]
[WhiteElo "2238"]
[BlackElo "2197"]
[Opening "Ruy Lopez: closed, Smyslov defense"]
[ECO "C93"]
[NIC "RL.22"]
[Time "18:35:39"]
[TimeControl "3600+10"]

1. e4 e5 2. Nf3 Nc6 3. Bb5 a6 4. Ba4 Nf6 5. O-O Be7 6. Re1 b5 7. Bb3 O-O 8.
c3 d6 9. h3 Re8 10. Ng5 Rf8 11. Nf3 h6 12. d4 Re8 13. Nbd2 Bf8 14. Nf1 g6
15. g4 g5 16. Ng3 Bg7 17. a4 Rb8 18. axb5 axb5 19. d5 Ne7 20. Be3 Ng6 21.
Ra7 Nf4 22. Kh2 Nxg4+ 23. hxg4 Bxg4 24. Bxf4 exf4 25. Nf5 Qf6 26. Nxg7 Kxg7
27. Qd3 Qg6 28. Kg2 h5 29. Nh2 Rh8 30. Nxg4 hxg4 31. Rg1 Rbe8 32. Bc2 Re5
33. Kf1 Rh3 34. Qe2 g3 35. fxg3 fxg3 36. Qf3 Rh2 37. Rg2 Rh1+ 38. Ke2 g4 39.
Qf4 Rh3 40. Rxc7 Rh2 41. Qxg3 Rxe4+ 42. Bxe4 Qxe4+ 43. Kf1 Rh1+ 44. Rg1 Qb1+
45. Kf2 Qc2+ 46. Ke3 Rh6 47. Qxg4+ Rg6 48. Qd4+ Kh6 49. Rh1+ Kg5 50. Qf4#
{Black checkmated}
1-0

[Event "ICC tourney 1953 (60 10)"]
[Site "Internet Chess Club"]
[Date "2020.08.09"]
[Round "9"]
[White "dopolian"]
[Black "largecrab"]
[Result "1-0"]
[ICCResult "Black checkmated"]
[WhiteElo "2365"]
[BlackElo "2194"]
[Opening "Sicilian: accelerated fianchetto, Maróczy bind"]
[ECO "B36"]
[NIC "SI.33"]
[Time "18:35:32"]
[TimeControl "3600+10"]

1. e4 c5 2. Nf3 Nc6 3. d4 cxd4 4. Nxd4 g6 5. c4 Nf6 6. Nc3 d6 7. Nc2 Bg7 8.
Be2 O-O 9. O-O Be6 10. Bd2 Rc8 11. Rb1 Nd7 12. f3 Nd4 13. Ne3 Qb6 14. Kh1
Qa6 15. b3 f5 16. Ned5 Bxd5 17. Nxd5 Rf7 18. Bc3 Nxe2 19. Qxe2 e6 20. Bxg7
exd5 21. Ba1 dxc4 22. exf5 cxb3 23. Qxa6 bxa6 24. fxg6 hxg6 25. Rxb3 Rc2 26.
Rb2 Rxb2 27. Bxb2 Nc5 28. Rd1 Rb7 29. Bc3 Na4 30. Bd4 Rb5 31. h3 Rd5 32. Rd2
Kf7 33. Kg1 Nb6 34. Be3 Rxd2 35. Bxd2 Ke6 36. h4 d5 37. g4 d4 38. h5 gxh5
39. gxh5 Kf5 40. Kf2 Nc4 41. Ke2 Ne5 42. h6 Kg6 43. Bf4 d3+ 44. Ke3 d2 45.
Kxd2 Nxf3+ 46. Kc3 a5 47. Kb3 Ne1 48. Ka4 Nd3 49. Bd2 Nb2+ 50. Kb5 a4 51.
Ka6 Nd3 52. Kb5 Nb2 53. Kb4 a5+ 54. Kc3 a3 55. Bc1 Na4+ 56. Kb3 Nb6 57. Kxa3
Kh7 58. Kb3 Kg6 59. Bd2 a4+ 60. Kb4 a3 61. Bc1 Nd5+ 62. Kxa3 Nc3 63. Kb3 Nb5
64. a4 Nd4+ 65. Kc4 Nc6 66. Kb5 Nd4+ 67. Kb6 Nb3 68. Be3 Kh7 69. a5 Nxa5 70.
Kxa5 Kg6 71. Kb6 Kh7 72. Kc6 Kg6 73. Kd6 Kh7 74. Ke7 Kg6 75. Kf8 Kh7 76. Kf7
Kh8 77. Kg6 Kg8 78. h7+ Kh8 79. Bd4# {Black checkmated} 1-0

[Event "ICC tourney 1953 (60 10)"]
[Site "Internet Chess Club"]
[Date "2020.08.09"]
[Round "9"]
[White "creepycrawlies"]
[Black "Qigongmaster"]
[Result "1-0"]
[ICCResult "Black resigns"]
[WhiteElo "2221"]
[BlackElo "2213"]
[Opening "QGD Slav: Krause attack"]
[ECO "D17"]
[NIC "SL.04"]
[Time "18:35:37"]
[TimeControl "3600+10"]

1. d4 d5 2. c4 c6 3. Nf3 Nf6 4. Nc3 dxc4 5. a4 Bf5 6. Ne5 Nbd7 7. Nxc4 Nb6
8. Ne3 Be6 9. g3 a5 10. Bg2 g6 11. O-O Bg7 12. b3 O-O 13. Ba3 Re8 14. Rc1
Qd7 15. Bc5 Nbd5 16. Nexd5 cxd5 17. e3 Reb8 18. Qd3 Bh3 19. Qb5 Bxg2 20.
Kxg2 Qe6 21. Qb6 Qxb6 22. Bxb6 Ra6 23. Bc5 e6 24. Be7 Ne8 25. Nb5 Bf8 26.
Bxf8 Kxf8 27. Rc5 Ke7 28. Rfc1 Kd7 29. Nc7 Rc6 30. Rxc6 bxc6 31. Na6 Rb6 32.
Nc5+ Kd6 33. Kf1 f6 34. f4 f5 35. Ke2 Nf6 36. Kd2 Ne4+ 37. Nxe4+ fxe4 38.
Kc3 c5 39. dxc5+ Kxc5 40. Kb2+ Kd6 41. Rc8 Rc6 42. Rb8 Kd7 43. Rb5 Kd6 44.
Rxa5 e5 45. fxe5+ Kxe5 46. Ra8 Rf6 47. Re8+ Kd6 48. Rc8 Rf1 49. a5 Kd7 50.
Rc1 Rf3 51. a6 Rf8 52. Ra1 Kc6 53. a7 Ra8 54. Kc3 Kb5 55. Kd4 Kb4 56. Kxd5
Kxb3 57. Kxe4 Kc3 58. Kd5 Kd3 59. e4 Rd8+ 60. Ke6 Kxe4 61. a8=Q+ Rxa8 62.
Rxa8 Kf3 63. Kf6 Kg2 64. Kg7 Kxh2 65. Kxh7 Kxg3 66. Kxg6 {Black resigns} 1-0

[Event "ICC tourney 1953 (60 10)"]
[Site "Internet Chess Club"]
[Date "2020.08.09"]
[Round "9"]
[White "SilentFog"]
[Black "speedskater"]
[Result "1-0"]
[ICCResult "Black resigns"]
[WhiteElo "2475"]
[BlackElo "2627"]
[Opening "QGD Slav: 3.Nf3"]
[ECO "D11"]
[NIC "SL.01"]
[Time "18:35:56"]
[TimeControl "3600+10"]

1. d4 d5 2. c4 c6 3. Nf3 Nf6 4. Qc2 g6 5. Bf4 Bf5 6. Qb3 Qb6 7. e3 Na6 8.
Nc3 Nh5 9. Bg3 Nxg3 10. hxg3 Qxb3 11. axb3 Nc7 12. cxd5 cxd5 13. Nb5 Nxb5
14. Bxb5+ Bd7 15. Bxd7+ Kxd7 16. Ne5+ Ke6 17. Rc1 Bg7 18. Nd3 Kd6 19. g4 f6
20. Ke2 e5 21. dxe5+ fxe5 22. Nc5 b6 23. Na6 e4 24. Nc7 Rac8 25. Nb5+ Ke6
26. Nxa7 Rc5 27. b4 Rc4 28. b3 Rxb4 29. Rc6+ Kd7 30. Rhc1 Be5 31. Nc8 Rd8
32. Nxb6+ Ke7 33. R1c5 Rxb3 34. Nxd5+ Kf7 35. g3 Rb2+ 36. Kf1 Kg7 37. Kg2
Rd7 38. Re6 Bd6 39. Ra5 Rf7 40. Nf4 Bxf4 41. gxf4 Rd7 42. Rae5 Kh6 43. Re7
Rd1 44. Rxe4 {Black resigns} 1-0

[Event "ICC tourney 1953 (60 10)"]
[Site "Internet Chess Club"]
[Date "2020.08.09"]
[Round "9"]
[White "ChessDex"]
[Black "BrainOnFire"]
[Result "0-1"]
[ICCResult "White forfeits on time"]
[WhiteElo "2243"]
[BlackElo "2109"]
[Opening "Réti: King's Indian attack (Barcza system)"]
[ECO "A07"]
[NIC "QP.09"]
[Time "18:35:46"]
[TimeControl "3600+10"]

1. Nf3 d5 2. g3 Nf6 3. Bg2 e6 4. O-O Be7 5. d3 b6 6. e4 dxe4 7. Ng5 Bb7 8.
Nc3 O-O 9. Ncxe4 Nxe4 10. Nxe4 Nd7 11. Nf6+ Bxf6 12. Bxb7 Rb8 13. Bg2 c5 14.
a4 a5 15. Re1 Qc7 16. Qh5 c4 17. dxc4 Qxc4 18. Qb5 Qxb5 19. axb5 Rbc8 20. c3
Ne5 21. Be4 Rc5 22. f4 Nc4 23. Bc6 Rd8 24. Kf2 Rh5 25. h4 Be7 26. Ra4 Nd2
27. b4 axb4 28. cxb4 Nc4 29. Re4 Nd2 30. Bxd2 Rxd2+ 31. Ke3 Rd8 32. Ra7 Bd6
33. Rd4 g6 34. Rb7 e5 35. Rxd6 exf4+ 36. gxf4 Rxd6 37. Rxb6 Rxh4 38. Rb8+
Kg7 39. Rc8 Re6+ 40. Kd4 Rxf4+ 41. Kc5 Rf5+ 42. Kb6 h5 43. Ka6 h4 44. b6 h3
45. b7 h2 46. b8=Q h1=Q 47. Rg8+ Kf6 48. Qd8+ Ke5 49. Qc7+ Kd4 50. Qb6+ Kc3
51. Rc8 Qa1+ 52. Ba4+ Kb2 {White forfeits on time} 0-1

[Event "ICC tourney 1953 (60 10)"]
[Site "Internet Chess Club"]
[Date "2020.08.09"]
[Round "9"]
[White "Falstaf"]
[Black "Syringe"]
[Result "1/2-1/2"]
[ICCResult "Game drawn by repetition"]
[WhiteElo "2687"]
[BlackElo "2726"]
[Opening "Petrov's defense"]
[ECO "C42"]
[NIC "RG.03"]
[Time "18:35:57"]
[TimeControl "3600+10"]

1. e4 e5 2. Nf3 Nf6 3. Nxe5 d6 4. Nf3 Nxe4 5. Bd3 Nf6 6. O-O Nc6 7. Bb5 Be7
8. Nd4 Bd7 9. Bxc6 bxc6 10. Qf3 c5 11. Nc6 Bxc6 12. Qxc6+ Nd7 13. Nc3 O-O
14. Nd5 Nf6 15. Ne3 Nd7 16. d3 Ne5 17. Qa4 Qe8 18. Qxe8 Rfxe8 19. Bd2 Bf8
20. Rfe1 Rab8 21. b3 Nc6 22. Kf1 Nd4 23. Rac1 Ne6 24. Bc3 f6 25. g3 Kf7 26.
Bd2 g6 27. c3 Red8 28. Re2 d5 29. Rce1 Rb6 30. Ng2 Ra6 31. Nf4 Ng7 32. Bc1
g5 33. Ng2 Nf5 34. g4 Ne7 35. f4 d4 36. c4 Nc6 37. Bd2 Rxa2 38. fxg5 Ne5 39.
Bf4 Rxe2 40. Kxe2 Re8 41. Bxe5 Rxe5+ 42. Kf3 Rxe1 43. Nxe1 fxg5 44. Ke4 Ke6
45. Nf3 Be7 46. h3 Bf6 47. Nd2 a6 48. Nf3 h6 49. Nd2 Be5 50. Nf3 Bg3 51. Nd2
Bf4 52. Nf3 Bd6 53. Nd2 Be7 54. Nf3 Bd6 55. Nd2 Bf4 56. Nf3 Bd6 57. Nd2 Be5
58. Nf3 Bd6 59. Nd2 {Game drawn by repetition} 1/2-1/2